 Dungeon Crawl Stone Soup version 0.23-a0-269-g65e0026 (webtiles) character file.

664 Amnesiac the Geomancer (level 7, 0/50 HPs)
             Began as a Ghoul Earth Elementalist on Sept 30, 2018.
             Slain by a gnoll
             ... wielding a +0 halberd
              (15 damage)
             ... on level 4 of the Dungeon.
             The game lasted 00:08:53 (3406 turns).

Amnesiac the Geomancer (Ghoul Earth Elementalist)   Turns: 3406, Time: 00:08:53

Health: 0/50       AC:  3    Str: 12    XL:     7   Next: 57%
Magic:  10/12      EV: 12    Int: 12    God:
Gold:   158        SH:  0    Dex:  9    Spells: 6/14 levels left

rFire    . . .     SeeInvis .   a - +1 dagger (venom)
rCold    + . .     Gourm    .   (no shield)
rNeg     + + +     Faith    .   c - +1 robe
rPois    ∞         Spirit   .   (no helmet)
rElec    .         Reflect  .   (no cloak)
rCorr    .         Harm     .   (no gloves)
MR       .....                  (no boots)
Stlth    ++........             (no amulet)
HPRegen  0.00/turn              (no ring)
MPRegen  0.13/turn              (no ring)

@: rotting
A: rotting body, claws 1, carnivore, cold resistance 1, negative energy
resistance 3, inhibited regeneration, torment resistance, unbreathing
a: no special abilities


You were on level 4 of the Dungeon.
You were not hungry.

You visited 2 branches of the dungeon, and saw 5 of its levels.

You collected 158 gold pieces.

Inventory:

Hand Weapons
 a - a +1 dagger of venom (weapon)
 b - a +1 short sword of protection
Missiles
 p - 48 stones (quivered)
Armour
 c - a +1 robe (worn)
Scrolls
 e - a scroll of amnesia {!r, unknown}
 f - a scroll of random uselessness {!r, unknown}
 j - 5 scrolls of identify {!r}
 m - a scroll of noise {!r, unknown}
Potions
 g - a potion of brilliance {!q, unknown}
 h - a potion of haste {!q}
 i - a potion of resistance {!q, unknown}
 k - a potion of ambrosia {!q}
 l - a potion of mutation {!q, unknown}
 o - a potion of heal wounds {!q}
 q - 2 potions of might {!q}
Comestibles
 d - 8 rations
 n - 7 chunks of flesh


   Skills:
 - Level 1.7 Dodging
 - Level 2.1 Stealth
 - Level 4.0 Spellcasting
 - Level 0.8 Transmutations
 * Level 8.1 Earth Magic


You had 6 spell levels left.
You knew the following spells:

 Your Spells              Type           Power        Failure   Level  Hunger
a - Sandblast             Erth           ###...       1%          1    #......
b - Passwall              Tmut/Erth      ##......     5%          2    ##.....
d - Lee's Rapid Deconstr  Erth           ###.......   22%         5    ######.

Your spell library contained the following spells:

 Spells                   Type           Power        Failure   Level  Hunger
 Stone Arrow              Conj/Erth      ##....       13%         3    ###....
 Petrify                  Tmut/Erth      ##......     34%         4    #####..


Dungeon Overview and Level Annotations

Branches:
Dungeon (4/15)             Temple (1/1) D:4

Altars:
Dithmenos
Elyvilon
Fedhas
Kikubaaqudgha
Okawaru
Ru
Sif Muna
Trog
Vehumet
Wu Jian
Xom
Lugonu


Innate Abilities, Weirdness & Mutations

Your body is rotting away.
You thrive on raw meat.
You are immune to poison.
You have sharp fingernails.
You are carnivorous and can eat meat at any time.
Your flesh is cold resistant. (rC+)
You are immune to negative energy. (rN+++)
You do not regenerate when monsters are visible.
You are immune to unholy pain and torment.
You can survive without breathing.


Message History

There is an open door here.
Items here: )) [[ ÷ a dagger; a whip; a leather armour; a robe; an orc skeleton
There is an open door here.
A worm comes into view.
A worm is nearby!
A worm is nearby!
You hit the worm.
The worm is lightly wounded.
The worm bites you.
You barely miss the worm. You hit the worm.
The worm is poisoned.
The worm is lightly wounded.
The worm bites you.
You hit the worm.
The worm looks as sick as possible!
The worm is lightly wounded.
You barely miss the worm.
The worm is moderately wounded.
The worm bites you but does no damage.
You hit the worm.
The worm looks as sick as possible!
The worm is severely wounded.
The worm bites you!
You hit the worm.
The worm looks as sick as possible!
The worm is almost dead.
An orc comes into view. It is wielding a dagger.
You kill the worm!
A scorpion and an orc come into view.
Found 13 gold pieces.
Found a radiant altar of Vehumet.
A gnoll and an orc come into view.
The gnoll shouts!
The orc shouts!
A gnoll comes into view. It is wielding a spear.
Found 20 gold pieces.
A gnoll comes into view. It is wielding a club.
The gnoll shouts! x2
Some of the chunks of flesh in your inventory have rotted away.
The orc shouts!
A scorpion comes into view.
The orc hits you with a dagger. The scorpion closely misses you.
The scorpion barely misses you.
Found a stone staircase leading down.
You hit the scorpion.
The scorpion is poisoned.
The scorpion is moderately wounded.
The scorpion stings you.
* * * LOW HITPOINT WARNING * * *
The orc misses you.
You barely miss the orc. The scorpion stings you.
* * * LOW HITPOINT WARNING * * *
The scorpion stings you.
* * * LOW HITPOINT WARNING * * *
The gnoll barely misses you. The orc misses you.
Okay, then.
Casting: Sandblast (safe; 1% risk of failure)
Confirm with . or Enter, or press ? or * to list all spells.
Aiming: Sandblast (safe; 1% risk of failure)
Press: ? - help, Shift-Dir - straight line, f - scorpion
Aim: a scorpion (severely wounded, poisoned)
The blast of sand hits the scorpion.
You kill the scorpion!
Your Earth Magic skill increases to level 8!
p - 48 stones The scorpion misses you.
The gnoll hits you from afar with a halberd!
You die...

###### .# .# ......
.###. .##### >... .. #.
...#. o# #+ ##
#.#####...#.#.# ....###
#... ..... .$.# ....#..
#..####.####.o## ...#..
#..##$@o..##...+.......
#..#.soo...#..##....#..
#..#...g...#o.......+..
#..g..g_.......######..
#..#.......#.......##..
#..#.......#.......##..
#..##.....##.....†..÷##
#..####.####.........#
##...o...............#


You could see a scorpion, 3 gnolls and 3 orcs.

Vanquished Creatures
  An ice beast (D:3)
  A phantom (D:4)
  A scorpion (D:4)
  A howler monkey (D:4)
  A hound (D:4)
  4 orc wizards
  An orc priest (D:4)
  A centaur skeleton (D:4)
  2 worker ants (D:4)
  3 adders
  3 oozes
  An adder skeleton (D:4)
  2 worms
  3 dart slugs
  A leopard gecko (D:4)
  14 orcs
  4 bats
  7 giant cockroaches
  5 goblins
  3 hobgoblins
  10 jackals
  A ball python (D:2)
  2 frilled lizards
  8 kobolds
  7 rats
87 creatures vanquished.

Vanquished Creatures (others)
  An orc (D:3)
1 creature vanquished.

Grand Total: 88 creatures vanquished

Notes
Turn   | Place    | Note
-------+----------+-------------------------------------------
     0 | D:1      | Amnesiac the Ghoul Earth Elementalist began the quest for
                  | the Orb.
     0 | D:1      | Reached XP level 1. HP: 14/14 MP: 2/2
   261 | D:1      | Reached XP level 2. HP: 18/20 MP: 1/3
   267 | D:1      | Learned a level 2 spell: Passwall
   331 | D:2      | Found an iron altar of Okawaru.
   374 | D:2      | HP: 1/20 [jackal (3)]
   474 | D:2      | Reached skill level 4 in Earth Magic
   504 | D:2      | Reached XP level 3. HP: 22/26 MP: 1/5
   583 | D:3      | Found a sacrificial altar of Ru.
   586 | D:3      | Reached XP level 4. HP: 33/33 MP: 2/6
   755 | D:3      | Reached skill level 5 in Earth Magic
   903 | D:4      | Found a staircase to the Ecumenical Temple.
   912 | D:4      | Reached XP level 5. HP: 31/38 MP: 5/8
   919 | Temple   | Entered the Ecumenical Temple
   957 | D:4      | Noticed a phantom
   960 | D:4      | Noticed an ice beast
  1799 | D:2      | Found a bloodstained altar of Trog.
  1968 | D:2      | Reached skill level 6 in Earth Magic
  2744 | D:4      | Reached XP level 6. HP: 34/44 MP: 7/9
  2773 | D:4      | Learned a level 5 spell: Lee's Rapid Deconstruction
  2841 | D:3      | Killed an ice beast
  2972 | D:4      | Reached skill level 7 in Earth Magic
  3035 | D:4      | Killed a phantom
  3035 | D:4      | Reached XP level 7. HP: 35/50 MP: 5/11
  3385 | D:4      | Found a radiant altar of Vehumet.
  3406 | D:4      | Reached skill level 8 in Earth Magic
  3406 | D:4      | Slain by a gnoll

Vault maps used:
D:1:      dpeg_arrival_rooms_a, minmay_pentomino_q2
D:2:      lemuel_round_altar, serial_co_window_serial, co_window_paths_a,
          co_window_paths_a, co_window_paths_a, co_window_corner_a,
          co_window_of_opportunity_a, co_window_cross_2, co_window_broadway_c,
          co_window_broadway_c, glass_columns_a, glass_columns_a,
          glass_columns_a, okawaru_trees_2
D:3:      nicolae_ru_great_annihilating_truth
D:4:      old_standard_altar, minmay_temple_entry_mist, first_ration
Temple:   corrupted_temple

Skill      XL: |  1  2  3  4  5  6  7 |
---------------+----------------------+-----
Spellcasting   | 2 3 4 |  4.0
Earth Magic    | 4 5 6 7 8 |  8.1
Dodging        | |  1.7
Stealth        | |  2.1
Transmutations | |  0.8

Action                   |  1- 3 |  4- 6 |  7- 9 || total
-------------------------+-------+-------+-------++-------
Melee: Unarmed           |    55 |    20 |       ||    75
       Short sword       |       |   213 |     1 ||   214
       Dagger            |       |       |     9 ||     9
 Cast: Sandblast         |    16 |    72 |    20 ||   108
  Use: Scroll            |       |    11 |       ||    11
       Potion            |       |     2 |       ||     2
 Stab: Sleeping          |     1 |     4 |       ||     5
       Invisible         |       |     1 |       ||     1
  Eat: Chunk             |     9 |    34 |     1 ||    44
Armor: Robe              |    16 |   103 |     1 ||   120
Dodge: Dodged            |    43 |   198 |    12 ||   253

Table legend:
 A = Non-vault XP
 B = Vault XP
 C = Vault XP percentage of total XP
 D = Non-vault monster count
 E = Vault monster count
 F = Vault count percentage of total count
                 A         B        C        D         E       F
            +---------+---------+-------+---------+---------+-------
      Total |     899 |      50 |   5.3 |      81 |       6 |   6.9
            +---------+---------+-------+---------+---------+-------
        D:1 |      30 |       4 |  11.8 |      15 |       2 |  11.8
        D:2 |      75 |       0 |   0.0 |      21 |       0 |   0.0
        D:3 |     265 |      46 |  14.8 |      21 |       4 |  16.0
        D:4 |     529 |       0 |   0.0 |      24 |       0 |   0.0
            +---------+---------+-------+---------+---------+-------
